 Dungeon Crawl Stone Soup version 0.19-a0-1704-gbd66c22 (webtiles) character file.

6243 Amnesiac the Demolition Dwarf (level 10, -3/75 HPs)
             Began as a Deep Dwarf Fighter on Sept 27, 2016.
             Was an Elder of Makhleb.
             Slain by an orc warlord
             ... wielding a +0 great mace
              (25 damage)
             ... in a bailey.
             The game lasted 00:17:45 (6246 turns).

Amnesiac the Demolition Dwarf (Deep Dwarf Fighter)  Turns: 6246, Time: 00:17:46

Health: -3/75      AC: 14    Str: 21    XL:     10   Next: 62%
Magic:  25/25      EV:  6    Int: 11    God:    Makhleb [****..]
Gold:   334        SH:  5    Dex: 15    Spells: 0 memorised, 9 levels left

rFire  . . .     SeeInvis .     A - +9 hand axe of the Unstoppable Realms {chop, rC- MP+9 Int+3}
rCold  x . .     Gourm    .     k - +0 plate armour
rNeg   + . .     Faith    .     n - +0 buckler
rPois  .         Spirit   .     K - +0 helmet
rElec  .         Dismiss  .     w - +0 cloak
rCorr  .         Reflect  .     m - +1 pair of gloves
MR     +....     Harm     +     (no boots)
Stlth  ..........               L - amulet of harm
                                E - +2 ring of intelligence
                                y - ring of positive energy

@: non-regenerating
A: damage resistance, recharge devices, deformed body, dopey 1, frail 1, low mp
2, sense surroundings 2, slow regeneration 3
a: Device Recharging, Minor Destruction, Lesser Servant of Makhleb, Major
Destruction, Renounce Religion


You were in a bailey.
You worshipped Makhleb.
Makhleb was greatly pleased with you.
You were not hungry.

You visited 1 branch of the dungeon, and saw 9 of its levels.
You also visited: Bailey.

You collected 334 gold pieces.

Inventory:

Hand Weapons
 o - a +2 whip of draining
 A - the +9 hand axe of the Unstoppable Realms (weapon) {chop, rC- MP+9 Int+3}
   (You found it on level 9 of the Dungeon)

   It inflicts extra damage upon your enemies.
   It affects your intelligence (+3).
   It makes you vulnerable to cold.
   It affects your magic capacity (+9).
 B - a +0 hand axe of venom
Armour
 c - a +0 shield
 k - a +0 plate armour (worn)
 m - a +1 pair of gloves (worn)
 n - a +0 buckler (worn)
 w - a +0 cloak (worn)
 K - a +0 helmet (worn)
Jewellery
 y - a ring of positive energy (left hand)
 E - a +2 ring of intelligence (right hand)
 L - an amulet of harm (around neck)
Wands
 e - a wand of heal wounds (1/9)
 i - a wand of acid (3/15)
Scrolls
 h - 2 scrolls of recharging
 q - 2 scrolls of identify
 u - 2 scrolls of remove curse
 x - 2 scrolls of magic mapping
 D - 3 scrolls of teleportation
 F - a scroll of enchant weapon
 J - a scroll of fog
Potions
 d - 2 potions of might
 g - a potion of cure mutation {unknown}
 l - 2 potions of agility
 p - a potion of brilliance
 I - a potion of magic
Books
 b - a book of Clouds

   Spells                             Type                      Level
   a - Mephitic Cloud                 Conjuration/Poison/Air       3
   b - Conjure Flame                  Conjuration/Fire             3
   c - Poisonous Cloud                Conjuration/Poison/Air       6
   d - Freezing Cloud                 Conjuration/Ice/Air          6
   e - Ring of Flames                 Charms/Fire                  7
Comestibles
 f - 5 bread rations
 j - 14 chunks of flesh
 s - 9 royal jellies
 t - 4 fruits
 v - 3 beef jerkies
 z - 2 meat rations


   Skills:
 - Level 3.0 Fighting
 + Level 9.3 Axes
 + Level 8.3 Armour
 - Level 4.0 Shields
 * Level 14.5 Invocations


You had 9 spell levels left.
You didn't know any spells.

Dungeon Overview and Level Annotations

Branches:
Dungeon (9/15)             Temple (0/1) D:6
   Lair: D:8-11         Orc: D:9-12

Altars:
Cheibriados
Dithmenos
Makhleb
Qazlal
Sif Muna
Uskayaw
Xom
Zin
The Shining One

Shops:
D:7 =


Innate Abilities, Weirdness & Mutations

You are resistant to damage.
You can recharge devices by infusing magical energy.
You passively map the area around you.
You do not regenerate.
Armour fits poorly on your strangely shaped body.
You are dopey. (Int -2)
You are frail. (-10% HP)
Your magical capacity is very low. (-20% MP)


Message History

Okay, then.
There is an open door, spattered with blood here.
Things that are here:
a war axe; a leather armour A demon appears!
Unknown command.
Items here: )) [[ a hand axe; a leather armour; a war axe; a plate armour
Items here: ))) [[[
Okay, then.
Okay, then.
Okay, then.
Evoke which item? (* to show all) (? for menu, Esc to quit)
Zapping:
e - a wand of heal wounds (2/9)
Press: ? - help, Shift-Dir - straight line, f - you, p - orc warlord You feel much better.
This wand has 1 charge left.
Your orange demon closely misses the goblin.
Your orange demon barely misses the goblin.
The orc warlord hits you with a great mace!!
You die...

### ### ###.### ###.###
###.....### ###.....###
##.........###.........##
#...........#)).........#
#..........)g)4.........#
#.....⌠....4#)....⌠.....#
#.)))....@o.#..g.4).)...#
#...).......#.......)...#
###./)......###........)###
♣♣
###.#'#.....###,###.....#)#.#
.♣###.)...###.### ,
,###.###.... .##...).....###
, ,. ###..))). .#...))......#
..o,*#8...... .'...........#
,, .....#8g.4...
.'.....⌠.....# , ,
.....'.....⌠.


You could see an orc warlord, a goblin, a friendly orange demon and a friendly
hellwing.

Vanquished Creatures
  An orc knight (Bailey)
  A hippogriff (D:8)
  A hungry ghost (D:7)
  7 orc warriors
  2 sky beasts (D:7)
  3 ice beasts
  3 wasps (D:9)
  2 phantoms (D:7)
  4 centaurs
  6 ogres
  Blork the orc (D:5)
  4 bullfrogs
  6 scorpions
  3 crimson imps
  2 quasits (D:6)
  6 hounds
  3 orc priests
  2 bullfrog skeletons
  4 iguanas
  8 worker ants
  5 orc wizards
  14 adders
  6 gnolls
  3 shadow imps
  2 oozes (D:2)
  An adder zombie (D:8)
  3 adder skeletons
  A worm (D:5)
  A dart slug (D:2)
  2 leopard geckos
  38 orcs
  5 bats
  4 giant cockroaches
  21 hobgoblins
  10 jackals
  8 kobolds
  2 quokkas (D:4)
  A ball python (D:6)
  4 frilled lizards
  24 goblins
  2 leopard gecko skeletons (D:4)
  A leopard gecko zombie (D:5)
  7 rats
234 creatures vanquished.

Vanquished Creatures (collateral kills)
  Erica (D:8)
  2 orc knights (Bailey)
  A two-headed ogre (D:8)
  A soldier ant (D:9)
  2 orc warriors (Bailey)
  An ogre (D:8)
  A wyvern skeleton (D:8)
  A hound zombie (D:8)
  2 goblins (Bailey)
  A hobgoblin (Bailey)
13 creatures vanquished.

Grand Total: 247 creatures vanquished

Notes
Turn   | Place    | Note
-------+----------+-------------------------------------------
     0 | D:1      | Amnesiac the Deep Dwarf Fighter began the quest for the Orb.
     0 | D:1      | Reached XP level 1. HP: 20/20 MP: 1/1
   147 | D:2      | Reached XP level 2. HP: 26/28 MP: 2/2
   215 | D:2      | Found a burning altar of Makhleb.
   230 | D:2      | Became a worshipper of Makhleb the Destroyer
   234 | D:2      | Reached XP level 3. HP: 27/34 MP: 3/3
   433 | D:1      | You fall through a shaft!
   472 | D:1      | Reached skill level 1 in Invocations
  1029 | D:2      | Reached * piety under Makhleb
  1123 | D:2      | Reached skill level 2 in Invocations
  1166 | D:2      | Reached XP level 4. HP: 31/42 MP: 4/6
  1332 | D:2      | Reached skill level 3 in Invocations
  1501 | D:3      | Reached skill level 4 in Invocations
  1550 | D:3      | Reached XP level 5. HP: 27/49 MP: 8/8
  1642 | D:3      | Found a glowing silver altar of Zin.
  1661 | D:3      | Found a shadowy altar of Dithmenos.
  1663 | D:3      | Found a snail-covered altar of Cheibriados.
  1667 | D:3      | Found a glowing golden altar of the Shining One.
  1802 | D:3      | Found a hide-covered altar of Uskayaw.
  1981 | D:3      | Found a deep blue altar of Sif Muna.
  2189 | D:4      | Reached skill level 5 in Invocations
  2316 | D:4      | Reached ** piety under Makhleb
  2600 | D:4      | Reached XP level 6. HP: 23/56 MP: 10/10
  2690 | D:4      | Reached skill level 6 in Invocations
  2956 | D:4      | Reached skill level 7 in Invocations
  3034 | D:3      | Reached XP level 7. HP: 33/62 MP: 12/12
  3039 | D:3      | Reached skill level 5 in Axes
  3094 | D:5      | Entered Level 5 of the Dungeon
  3104 | D:5      | Noticed Blork the orc
  3111 | D:5      | Killed Blork the orc
  3146 | D:5      | Reached skill level 8 in Invocations
  3265 | D:5      | Found a stormy altar of Qazlal.
  3782 | D:6      | Reached skill level 9 in Invocations
  3782 | D:6      | Reached XP level 8. HP: 59/69 MP: 14/14
  3911 | D:6      | Reached *** piety under Makhleb
  3973 | D:6      | Found a staircase to the Ecumenical Temple.
  4051 | D:6      | Reached skill level 10 in Invocations
  4157 | D:7      | Found Vueq Rukk's Jewellery Shop.
  4179 | D:7      | Reached skill level 5 in Armour
  4238 | D:7      | Paralysed by fainting for 10 turns
  4418 | D:7      | Reached skill level 11 in Invocations
  4418 | D:7      | Gained mutation: You passively map the area around you. [Deep Dwarf growth]
  4418 | D:7      | Reached XP level 9. HP: 10/75 MP: 17/17
  4644 | D:7      | Gained mutation: Your magical capacity is low. (-10% MP) [mutagenic meat]
  4647 | D:7      | Gained mutation: Armour fits poorly on your strangely shaped body. [mutagenic meat]
  4650 | D:7      | Gained mutation: You are dopey. (Int -2) [mutagenic meat]
  4656 | D:7      | Gained mutation: You are frail. (-10% HP) [potion of mutation]
  4656 | D:7      | Gained mutation: Your magical capacity is very low. (-20% MP) [potion of mutation]
  4859 | D:7      | Reached skill level 12 in Invocations
  5194 | D:8      | Reached **** piety under Makhleb
  5243 | D:8      | Noticed Erica
  5252 | D:8      | HP: 1/67 [two-headed ogre/dire flail (11)]
  5261 | D:8      | Killed Erica
  5277 | D:8      | Reached skill level 13 in Invocations
  5459 | D:8      | Reached XP level 10. HP: 13/75 MP: 15/15
  5709 | D:9      | Found a shimmering altar of Xom.
  5822 | D:9      | Found a flagged portal.
  5825 | D:9      | Got a crude hand axe
  5827 | D:9      | Identified the +9 hand axe of the Unstoppable Realms {chop, rC- MP+9 Int+3} (You found it on level 9 of the Dungeon)
  5837 | Bailey   | Entered a bailey
  5951 | Bailey   | Noticed an orc knight
  5978 | Bailey   | Killed an orc knight
  6015 | Bailey   | Noticed an orc knight
  6035 | Bailey   | Reached skill level 14 in Invocations
  6100 | Bailey   | Noticed an orc knight
  6144 | Bailey   | Killed an orc knight
  6178 | Bailey   | Killed an orc knight
  6218 | Bailey   | Noticed an orc warlord
  6246 | Bailey   | Slain by an orc warlord

Vault maps used:
D:1:      noname_arrival_rooms_in_the_neighbourhood
D:2:      lemuel_round_altar, serial_curves, eino_curves_01, eino_curves_01
D:3:      lemuel_coloured_pillars_altar, grunt_temple_overflow_open,
          old_standard_altar, led_sif_book, corner_web_ring
D:4:      minmay_vboxes
D:5:      nicolae_overflow_crystal_walls, first_bread, uniq_blork_the_orc
D:6:      lemuel_flamethrower_1
D:7:      serial_shops, nicolae_shop_statue_plus
D:8:      uniq_erica
D:9:      lemuel_round_altar, xom_teletrap_fun, enter_bailey_2,
          hangedman_pestilent_swarm
Bailey:   bailey_axe_minmay_hex_keep, bailey

Skill      XL: |  1  2  3  4  5  6  7  8  9 10 |
---------------+-------------------------------+-----
Fighting       | 3 |  3.0
Axes           | 3 4 5 7 8 9 |  9.3
Shields        | 4 |  4.0
Invocations    | 2 4 5 7 9 11 13 14 | 14.5
Armour         | 4 5 7 8 |  8.3

Action                   |  1- 3 |  4- 6 |  7- 9 | 10-12 || total
-------------------------+-------+-------+-------+-------++-------
Melee: War axe           |    57 |       |   152 |       ||   209
       Whip              |    28 |   217 |   332 |    94 ||   671
       Hand axe          |       |       |       |    78 ||    78
Invok: Minor Destruction |       |     3 |    35 |    14 ||    52
       Lesser Servant of |       |       |     3 |     7 ||    10
       Major Destruction |       |       |     1 |     5 ||     6
Evoke: Wand              |       |       |     7 |     4 ||    11
  Use: Scroll            |       |     4 |     7 |     1 ||    12
       Potion            |       |       |    10 |     1 ||    11
 Stab: Distracted        |       |       |     2 |       ||     2
  Eat: Chunk             |     1 |     6 |    17 |     3 ||    27
       Pizza             |       |       |     1 |       ||     1
       Beef jerky        |       |       |     1 |       ||     1
Armor: Scale mail        |    16 |       |       |       ||    16
       Plate armour      |    38 |   117 |   310 |    72 ||   537
Dodge: Dodged            |    23 |    26 |   135 |    33 ||   217
Block: Shield            |    48 |   103 |    12 |       ||   163
       Buckler           |       |       |   108 |    38 ||   146
